 Dungeon Crawl Stone Soup version 0.26.0-10-g1f06aea511 (webtiles) character file.

Game seed: 1057760609470807418

116 ythm the Firebug (level 4, -9/36 HPs)
             Began as a Draconian Fire Elementalist on Jan 13, 2021.
             Mangled by Menkaure (17 damage)
             ... on level 4 of the Dungeon.
             The game lasted 00:06:35 (4393 turns).

ythm the Firebug (Draconian Fire Elementalist)      Turns: 4393, Time: 00:06:36

Health: -9/36      AC:  5    Str: 11    XL:     4   Next: 70%
Magic:  2/7        EV: 12    Int: 16    God:
Gold:   183        SH:  0    Dex: 11    Spells: 2/7 levels left

rFire    . . .     SeeInvis .   a - +0 short sword
rCold    . . .     Faith    .   (no shield)
rNeg     . . .     Spirit   .   (armour unavailable)
rPois    .         Reflect  .   (helmet restricted)
rElec    .         Harm     .   (no cloak)
rCorr    .         Rampage  .   (no gloves)
Will     .....                  (no boots)
Stlth    ++........             (no amulet)
HPRegen  0.12/turn              (no ring)
MPRegen  0.10/turn              (no ring)

@: no status effects
A: unfitting armour, cold-blooded, AC +5
a: no special abilities


You were on level 4 of the Dungeon.
You visited 1 branch of the dungeon, and saw 4 of its levels.

You collected 183 gold pieces.

Inventory:

Hand Weapons
 a - a +0 short sword (weapon)
Wands
 m - a wand of polymorph (7)
Scrolls
 c - a scroll of amnesia {unknown}
 d - 3 scrolls of teleportation {unknown}
 e - 4 scrolls of remove curse {unknown}
 i - a scroll of enchant armour {unknown}
 j - 2 scrolls of identify {unknown}
 k - a scroll of fear {unknown}
 l - a scroll of immolation {unknown}
Potions
 b - a potion of invisibility {unknown}
 f - a potion of magic {unknown}
 g - a potion of degeneration {unknown}
 h - 2 potions of curing {unknown}
 n - a potion of brilliance {unknown}


   Skills:
 + Level 1.9 Fighting
 - Level 2.0 Dodging
 - Level 2.0 Stealth
 + Level 2.3 Spellcasting
 + Level 2.1 Conjurations
 + Level 4.2 Fire Magic


You had 2 spell levels left.
You knew the following spells:

 Your Spells              Type           Power        Failure   Level
a - Foxfire               Conj/Fire      48%          5%          1
b - Sticky Flame          Conj/Fire      12%          47%         4

Your spell library contained the following spells:

 Spells                   Type           Power        Failure   Level
 Conjure Flame            Conj/Fire      12%          16%         3
 Inner Flame              Hex/Fire       8%           26%         3
 Fireball                 Conj/Fire      6%           83%         5


Dungeon Overview and Level Annotations

Branches:
Dungeon (4/15)
 Temple: D:4-7

Altars:
The Shining One

Annotations:
D:4 Menkaure


Innate Abilities, Weirdness & Mutations

Your plain brown scales are hard. (AC +5)
You cannot fit into any form of body armour.
You are cold-blooded and may be slowed by cold attacks.


Message History

The foxfire hits Menkaure.
Menkaure is burned terribly!
Menkaure is severely damaged.
The foxfire hits Menkaure but does no damage.
Menkaure is severely damaged.
Casting: Foxfire (safe; 5% risk of failure)
Confirm with . or Enter, or press ? or * to list all spells.
You conjure some foxfire!
The foxfire hits Menkaure.
Menkaure is burned terribly!
Menkaure is severely damaged.
The foxfire hits Menkaure but does no damage.
Menkaure is severely damaged.
Casting: Foxfire (safe; 5% risk of failure)
Confirm with . or Enter, or press ? or * to list all spells.
You conjure some foxfire!
The foxfire hits Menkaure but does no damage.
Menkaure is severely damaged.
The foxfire hits Menkaure.
Menkaure is almost destroyed.
Menkaure hits you!
You die...

####..)..#
...#......#+
#..........
#........######
.#.............##
...!............#
.......§.......##...
.......§....<.......
.......@M##.(###....
.......##$....# .
.....?.#.........
..........#........
..........##.......
..........##....##.
.................
......... ..##..


You could see Menkaure (fast).

Vanquished Creatures
  Terence (D:3)
  An adder (D:2)
  5 worms
  2 dart slugs
  A leopard gecko (D:3)
  An orc (D:3)
  10 bats
  2 giant cockroaches
  10 goblins
  5 hobgoblins
  6 jackals
  4 kobolds
  3 quokkas
  4 frilled lizards
  5 rats
60 creatures vanquished.

Vanquished Creatures (others)
  84 foxfires
84 creatures vanquished.

Grand Total: 144 creatures vanquished

Notes
Turn   | Place    | Note
-------+----------+-------------------------------------------
     0 | D:1      | ythm the Draconian Fire Elementalist began the quest for
                  | the Orb.
     0 | D:1      | Reached XP level 1. HP: 14/14 MP: 3/3
   338 | D:1      | Reached XP level 2. HP: 20/20 MP: 5/5
  1217 | D:1      | Reached skill level 4 in Fire Magic
  1432 | D:2      | Reached XP level 3. HP: 14/27 MP: 6/6
  1716 | D:2      | Reached skill level 1 in Fighting
  3044 | D:3      | Reached XP level 4. HP: 34/35 MP: 5/7
  3551 | D:3      | Noticed Terence
  3558 | D:3      | Learned a level 4 spell: Sticky Flame
  3654 | D:3      | Killed Terence
  4287 | D:3      | Found a glowing golden altar of the Shining One.
  4381 | D:4      | Noticed Menkaure
  4393 | D:4      | Mangled by Menkaure

Illustrated notes

Levels and vault maps discovered:
D:1:      dpeg_arrival_shrine, layout_loops_corners
D:2:      layout_basic
D:3:      layout_loops_ring, tso_altar, uniq_terence
D:4:      layout_cave_pools, kennysheep_mini, uniq_menkaure

Skill      XL: |  1  2  3  4 |
---------------+-------------+-----
Fire Magic     | 4 |  4.2
Fighting       | 1 |  1.9
Dodging        | 2 |  2.0
Stealth        | 2 |  2.0
Conjurations   | 2 |  2.1
Spellcasting   | |  2.3

Action                   |  1- 3 |  4- 6 || total
-------------------------+-------+-------++-------
Melee: Short sword       |   169 |    77 ||   246
       Tailslap          |    15 |     4 ||    19
 Cast: Foxfire           |    20 |    31 ||    51
 Stab: Sleeping          |     3 |       ||     3
Armor: Skin              |    78 |    38 ||   116
Dodge: Dodged            |   162 |    61 ||   223
